 Dungeon Crawl Stone Soup version 0.19-a0-905-ge5e6a15 (webtiles) character file.

18 Duffy the Ruffian (level 2, -3/16 HPs)
             Began as a Gargoyle Transmuter on July 5, 2016.
             Was an Initiate of Cheibriados.
             Slain by a worm (8 damage)
             ... on level 2 of the Dungeon.
             The game lasted 00:01:17 (1424 turns).

Duffy the Ruffian (Gargoyle Transmuter)             Turns: 1424, Time: 00:01:18

Health: -3/16      AC:  4    Str: 14    XL:     2   Next: 70%
Magic:  5/5        EV: 12    Int: 14    God:    Cheibriados [......]
Gold:   65         SH:  2    Dex: 11    Spells: 1 memorised, 4 levels left

rFire  . . .     SeeInvis +       - Unarmed
rCold  . . .     Gourm    .     b - +0 robe
rNeg   + . .     Faith    .     (no shield)
rPois  ∞         Spirit   .     (no helmet)
rElec  +         Dismiss  .     (no cloak)
rCorr  .         Reflect  +     (no gloves)
SustAt .         Harm     .     (no boots)
MR     .....                    g - +2 amulet of reflection
Stlth  +.........               (no ring)
                                l - ring of see invisible

@: very slow, not resistant to hostile enchantments, very unstealthy
A: negative energy resistance 1, electricity resistance, unbreathing,
petrification resistance, rot immunity, AC +2
a: Bend Time, Renounce Religion


You were on level 2 of the Dungeon.
You worshipped Cheibriados.
Cheibriados was noncommittal.
You were very hungry.

You visited 1 branch of the dungeon, and saw 2 of its levels.

You collected 65 gold pieces.


Innate Abilities, Weirdness & Mutations

You are resistant to torment.
Your stone body is resilient. (AC +2)
You are immune to poison.
You resist negative energy. (rN+)
You are resistant to electric shocks. (rElec)
You can survive without breathing.
You are immune to petrification.
You are immune to rotting.


   Skills:
 + Level 1.1 Fighting
 - Level 1.5 Dodging
 + Level 3.6 Unarmed Combat
 - Level 2.0 Spellcasting
 - Level 2.0 Transmutations


You had 4 spell levels left.
You knew the following spells:

 Your Spells              Type           Power        Failure   Level  Hunger
a - Beastly Appendage     Tmut           #.....       12%         1    ##.....

Inventory:

Missiles
 a - 12 arrows
 o - 12 poisoned needles
Armour
 b - a +0 robe (worn)
Jewellery
 g - a +2 amulet of reflection (around neck)
 l - a ring of see invisible (left hand)
Scrolls
 e - a scroll of identify {unknown}
 h - a scroll of enchant armour {unknown}
 i - a scroll of amnesia {unknown}
 j - a scroll of enchant weapon {unknown}
Potions
 f - 2 potions of heal wounds {unknown}
 m - a potion of curing {unknown}
 p - a potion of brilliance {unknown}
 q - a potion of lignification {unknown}
Books
 c - a book of Changes
Comestibles
 d - 2 bread rations
 k - a meat ration

Dungeon Overview and Level Annotations

Branches:
Dungeon (2/15)

Altars:
Cheibriados


Message History

You kill the hobgoblin!
Cheibriados thoroughly appreciates the change of pace.
No target in view!
No target in view!
Things that are here:
a club; a hobgoblin corpse
q - a viscous brown potion All of the chunks of flesh in your inventory have rotted away.
Found a short sword.
A worm comes into view.
You see here a short sword.
You hit the worm.
The worm is lightly wounded.
You hit the worm.
The worm is heavily wounded.
The worm bites you!
Ouch! That really hurt!
You barely miss the worm.
The worm is moderately wounded.
You hit the worm.
The worm is severely wounded.
The worm bites you.
You are too injured to fight recklessly!
You see here a short sword.
Things that are here:
a club; a hobgoblin corpse
There is an open door here.
You are feeling hungry.
You close the door.
You start resting.
You are feeling very hungry.
You start resting.
HP restored.
You open the door.
There is an open door here.
You barely miss the worm. You hit the worm but do no damage.
The worm bites you.
You hit the worm.
The worm is moderately wounded.
You hit the worm.
The worm is heavily wounded.
The worm bites you!
Ouch! That really hurt!
You hit the worm.
The worm is heavily wounded.
You hit the worm.
The worm is heavily wounded.
The worm bites you!
Ouch! That really hurt!
You die...

#.....##########.#......###
#.....# #.#.#......# ## #.....#
#.#.#...<..# .# #.....#
#[#.#......# .# #.....######
#.#....#.... .# ####.......#
#.#.......##
.#########.......#####.##...#####
.................'.............>#
.##########....w@#..##.##.#######
###########......#..##.##.#
.)..w....##......#..##.....
########..#....###.......... #
##.#....# ##+######... # #......#
#### # ##.....# ...# #.....#
...... ##....#


You could see a worm.

Action                   || total
-------------------------++-------
Melee: Unarmed           ||    66
       Punch             ||     1
  Eat: Chunk             ||     1
Armor: Robe              ||    14
Dodge: Dodged            ||    36
Block: Other             ||     2

Notes
Turn   | Place    | Note
-------+----------+-------------------------------------------
     0 | D:1      | Duffy the Gargoyle Transmuter began the quest for the Orb.
     0 | D:1      | Reached XP level 1. HP: 12/12 MP: 3/3
    55 | D:2      | Found a snail-covered altar of Cheibriados.
    62 | D:2      | Became a worshipper of Cheibriados the Contemplative
   840 | D:1      | Reached XP level 2. HP: 15/16 MP: 5/5
  1045 | D:2      | Reached skill level 2 in Transmutations
  1424 | D:2      | Slain by a worm

Skill      XL: |  1  2 |
---------------+-------+-----
Transmutations | 2 |  2.0
Fighting       | |  1.1
Dodging        | |  1.5
Unarmed Combat | |  3.6
Spellcasting   | |  2.0

Vault maps used:
D:1:      dpeg_arrival_simpleton_b, minmay_misc_feat_cross
D:2:      regret_index_temple_of_mockery, old_standard_altar, uniq_robin,
          uniq_jessica

Vanquished Creatures
  An ooze
  A giant gecko
  2 ball pythons
  2 goblins
  A hobgoblin
  2 jackals
  A giant newt
  2 kobolds
  A rat
13 creatures vanquished.
